 Dungeon Crawl Stone Soup version 0.22-a0-779-g6f83d72c62 (webtiles) character file.

119 Mirvelgyr the Chopper (level 4, -2/41 HPs)
             Began as a Minotaur Berserker on July 19, 2018.
             Was a Believer of Trog.
             Slain by a goblin
             ... wielding a +0 club
              (3 damage)
             ... on level 3 of the Dungeon.
             The game lasted 00:05:35 (2348 turns).

Mirvelgyr the Chopper (Minotaur Berserker)          Turns: 2348, Time: 00:05:36

Health: -2/41      AC:  2    Str: 23    XL:     4   Next: 74%
Magic:  3/3        EV: 13    Int:  4    God:    Trog [**....]
Gold:   113        SH:  0    Dex:  9    Spells: 3/3 levels left

rFire    . . .     SeeInvis .   a - +0 hand axe
rCold    . . .     Gourm    .   (no shield)
rNeg     . . .     Faith    .   b - +0 animal skin
rPois    .         Spirit   .   (helmet restricted)
rElec    .         Reflect  .   (no cloak)
rCorr    .         Harm     .   (no gloves)
MR       .....                  (no boots)
Stlth    +.........             (no amulet)
HPRegen  0.13/turn              (no ring)
MPRegen  0.08/turn              (no ring)

@: lethally poisoned (-2 -> -10)
A: retaliatory headbutt, horns 2
a: Berserk, Trog's Hand, Renounce Religion


You were on level 3 of the Dungeon.
You worshipped Trog.
Trog was pleased with you.
You were not hungry.

You visited 1 branch of the dungeon, and saw 3 of its levels.

You collected 113 gold pieces.

Inventory:

Hand Weapons
 a - a +0 hand axe (weapon)
Armour
 b - a +0 animal skin (worn)
Wands
 j - a wand of flame (27)
Scrolls
 e - a scroll of enchant weapon {unknown}
 g - a scroll of blinking {unknown}
 h - a scroll of remove curse {unknown}
 i - 2 scrolls of identify {unknown}
 m - a scroll of magic mapping {unknown}
Potions
 d - a potion of might {unknown}
 f - a potion of invisibility {unknown}
 k - a potion of curing {unknown}
 l - a potion of flight {unknown}
Comestibles
 c - 4 rations
 n - 4 chunks of flesh


   Skills:
 + Level 4.3 Fighting
 * Level 5.1 Axes
 + Level 3.4 Armour
 + Level 3.1 Dodging


You had 3 spell levels left.
You didn't know any spells.
Your spell library was empty.

Dungeon Overview and Level Annotations

Branches:
Dungeon (3/15)

Altars:
Ashenzari
Hepliaklqana
Okawaru
Xom
Yredelemnul
The Shining One


Innate Abilities, Weirdness & Mutations

You reflexively headbutt those who attack you in melee.
You have a pair of horns on your head.


Message History

You are lethally poisoned!
The adder poisons you! The goblin hits you but does no damage.
* * * LOW HITPOINT WARNING * * *
You feel sick. The adder bites you.
* * * LOW HITPOINT WARNING * * *
The goblin hits you but does no damage.
* * * LOW HITPOINT WARNING * * *
You feel sick. The adder misses you. The adder completely misses you.
The goblin misses you.
* * * LOW HITPOINT WARNING * * *
You feel sick. The adder misses you. You furiously retaliate!
You headbutt the adder!
* * * LOW HITPOINT WARNING * * *
You feel sick. The goblin barely misses you. The adder bites you.
* * * LOW HITPOINT WARNING * * *
The adder barely misses you. The goblin misses you.
The adder closely misses you.
* * * LOW HITPOINT WARNING * * *
You feel sick. The goblin hits you with a club.
You die...

## .## .. ... ..
.!. .#
##.##.##.##
#..#...#..#
####......!).#
......gS....##
#.....@.....#
#...#...#...#
###...##.##.#.#
....?..†......#
####.##.....###
..##>##....##
<......)##.#####
#.##.#.........#
# #.......(.##


You could see an adder and a goblin.

Vanquished Creatures
  4 adders
  3 worms (D:2)
  4 dart slugs (D:1)
  A leopard gecko (D:3)
  8 bats
  4 giant cockroaches
  8 hobgoblins
  4 jackals
  7 kobolds
  3 ball pythons
  3 frilled lizards (D:1)
  2 gnoll zombies (D:2)
  5 goblins
  11 rats
67 creatures vanquished.

Notes
Turn   | Place    | Note
-------+----------+-------------------------------------------
     0 | D:1      | Mirvelgyr the Minotaur Berserker began the quest for the Orb.
     0 | D:1      | Reached XP level 1. HP: 19/19 MP: 0/0
    61 | D:1      | Reached skill level 4 in Axes
    61 | D:1      | Reached XP level 2. HP: 7/27 MP: 1/1
   485 | D:1      | Reached XP level 3. HP: 13/33 MP: 2/2
  1070 | D:2      | Reached ** piety under Trog
  1247 | D:2      | Found a glowing golden altar of the Shining One.
  1300 | D:2      | Found a shimmering altar of Xom.
  1383 | D:2      | Reached XP level 4. HP: 30/40 MP: 3/3
  1801 | D:2      | Found a hazy altar of Hepliaklqana.
  1843 | D:2      | Reached skill level 5 in Axes
  2048 | D:2      | Found a basalt altar of Yredelemnul.
  2252 | D:3      | Found a shattered altar of Ashenzari.
  2326 | D:3      | Found an iron altar of Okawaru.
  2346 | D:3      | HP: 1/41 [adder (2)]
  2348 | D:3      | Slain by a goblin

Vault maps used:
D:1:      matt_arrival_spirals
D:2:      marbit_many_paths, nicolae_overflow_crystal_walls,
          lemuel_zombie_altar_yredelemnul, lemuel_crystal_altar,
          kennysheep_nondescript
D:3:      ashenzari_altar_1, okawaru_gym_becter,
          chequers_ecumenical_altar_island, uniq_sigmund

Skill      XL: |  1  2  3  4 |
---------------+-------------+-----
Axes           | 4 5 |  5.1
Fighting       | 4 |  4.3
Armour         | 3 |  3.4
Dodging        | 3 |  3.1

Action                   |  1- 3 |  4- 6 || total
-------------------------+-------+-------++-------
Melee: Hand axe          |    93 |    44 ||   137
       Headbutt          |    18 |     6 ||    24
Invok: Berserk           |     1 |     1 ||     2
 Stab: Sleeping          |     1 |       ||     1
  Eat: Chunk             |     3 |     3 ||     6
Armor: Animal skin       |    17 |     5 ||    22
Dodge: Dodged            |    44 |    51 ||    95

Table legend:
 A = Spawn XP
 B = Non-spawn XP
 C = Spawn XP percentage of total XP
 D = Spawn monster count
 E = Non-spawn monster count
 F = Spawn count percentage of total count
 G = Total turns spent on level
                    A         B        C        D         E        F      G
               +---------+---------+-------+---------+---------+-------+---------
         Total |       0 |     171 |   0.0 |       0 |      67 |   0.0 |  2348
               +---------+---------+-------+---------+---------+-------+---------
           D:1 |       0 |      54 |   0.0 |       0 |      31 |   0.0 |  1050
           D:2 |       0 |      85 |   0.0 |       0 |      26 |   0.0 |  1196
           D:3 |       0 |      32 |   0.0 |       0 |      10 |   0.0 |   102
               +---------+---------+-------+---------+---------+-------+---------
